 Dungeon Crawl Stone Soup version 0.27-a0-242-ge0fc76b88b (webtiles) character file.

Game seed: 8917464808729932663

20113 dickylongcocking the Frost Mage (level 12, 0/94 HPs)
             Began as a Merfolk Ice Elementalist on Feb 3, 2021.
             Was an Elder of Vehumet.
             Slain by a six-headed hydra (6 damage)
             ... while petrified by a basilisk
             ... on level 6 of the Lair of Beasts.
             The game lasted 00:26:05 (22914 turns).

dickylongcocking the Frost Mage (MfIE)             Turns: 22914, Time: 00:26:06

Health: 0/94       AC:  7    Str: 13    XL:     12   Next: 76%
Magic:  15/24      EV:  2    Int: 19    God:    Vehumet [****..]
Gold:   788        SH:  0    Dex: 14    Spells: 5/28 levels left

rFire    . . .     SeeInvis +   H - +0 trident (vorpal)
rCold    . . .     Faith    .   (no shield)
rNeg     + + +     Spirit   .   N - +0 troll leather armour
rPois    ∞         Reflect  +   (no helmet)
rElec    .         Harm     .   L - scarf {shadows}
rCorr    .         Rampage  .   (no gloves)
Will     .....                  z - +2 pair of boots
Stlth    +++.......             J - amulet of the Twisting Jester {Reflect Str+4 SH+5 Stlth+}
HPRegen  0.65/turn              g - ring of see invisible
MPRegen  0.19/turn              (no ring)

@: petrified, frozen ramparts
A: change form in water, swift swim, stealthy swim
a: Renounce Religion


You were on level 6 of the Lair of Beasts.
You worshipped Vehumet.
Vehumet was greatly pleased with you.
You visited 2 branches of the dungeon, and saw 14 of its levels.
You also visited: Bailey.

You collected 788 gold pieces.

Inventory:

Hand Weapons
 h - a +0 spear
 u - a +0 halberd
 H - a +0 vorpal trident (weapon)
Armour
 a - a +0 robe
 y - a +0 cloak
 z - a +2 pair of boots (worn)
 L - a scarf of shadows (worn)
 N - a +0 troll leather armour (worn)
 O - a +1 cloak
Magical Staves
 v - an uncursed staff of poison
 B - an uncursed staff of death
Jewellery
 g - a ring of see invisible (left hand)
 J - the amulet of the Twisting Jester (around neck) {Reflect Str+4 SH+5 Stlth+}
   (You acquired it in a bailey)

   [amulet of reflection]

   It shields you and reflects attacks.
   It affects your strength (+4).
   It affects your SH (+5).
   It makes you more stealthy.
Wands
 n - a wand of flame (34)
 E - a wand of iceblast (12)
 R - a wand of charming (7)
Scrolls
 b - 7 scrolls of remove curse
 c - 14 scrolls of teleportation
 d - a scroll of magic mapping
 i - 4 scrolls of fog
 j - 2 scrolls of fear
 k - 2 scrolls of immolation
 l - 3 scrolls of blinking
 o - 5 scrolls of random uselessness
 p - 5 scrolls of amnesia
 s - a scroll of enchant weapon
 w - 2 scrolls of noise {unknown}
 F - a scroll of vulnerability {unknown}
 G - 2 scrolls of enchant armour {unknown}
 I - a scroll of silence {unknown}
 K - 2 scrolls of identify
 P - a scroll of holy word {unknown}
Potions
 e - 2 potions of lignification
 f - 2 potions of resistance
 m - 3 potions of degeneration {unknown}
 q - 2 potions of haste {unknown}
 r - a potion of ambrosia {unknown}
 t - 3 potions of brilliance {unknown}
 x - 4 potions of curing
 A - a potion of might
 C - 2 potions of flight
 D - a potion of berserk rage
 M - a potion of cancellation {unknown}
 Q - a potion of heal wounds {unknown}


   Skills:
 - Level 8.3 Fighting
 - Level 8.7 Polearms
 - Level 10.5 Dodging
 - Level 2.5 Stealth
 * Level 8.6 Spellcasting
 * Level 4.9 Conjurations
 - Level 4.6 Transmutations
 * Level 12.0 Ice Magic
 * Level 4.8 Air Magic
 - Level 1.2 Evocations


You had 5 spell levels left.
You knew the following spells:

 Your Spells              Type           Power        Failure   Level
a - Freezing Cloud        Conj/Ice/Air   17%          21%         6
c - Summon Ice Beast      Ice/Summ       31%          9%          4
d - Hailstorm             Conj/Ice       40%          1%          4
f - Frozen Ramparts       Ice            100%         1%          3
i - Ignite Poison         Fire/Tmut/Pois 14%          4%          3
x - Mephitic Cloud        Conj/Pois/Air  20%          2%          3

Your spell library contained the following spells:

 Spells                   Type           Power        Failure   Level
 Bolt of Magma            Conj/Fire/Erth 7%           36%         5
 Freeze                   Ice            100%         1%          1
 Ozocubu's Armour         Ice            52%          1%          3
 Static Discharge         Conj/Air       26%          1%          3
 Conjure Flame            Conj/Fire      17%          3%          3
 Poisonous Vapours        Pois/Air       34%          6%          2
 Summon Small Mammal      Summ           32%          11%         1
 Lightning Bolt           Conj/Air       13%          11%         5
 Call Imp                 Summ           8%           17%         2
 Yara's Violent Unravell  Hex/Tmut       8%           28%         5
 Call Canine Familiar     Summ           8%           32%         3
 Summon Guardian Golem    Hex/Summ       8%           32%         3
 Summon Lightning Spire   Summ/Air       17%          36%         4
 Cause Fear               Hex            4%           73%         4
 Silence                  Hex/Air        8%           73%         5
 Discord                  Hex            4%           100%        8
 Ignition                 Fire           4%           100%        8
 Shatter                  Erth           4%           100%        9
 Tornado                  Air            13%          100%        9


Dungeon Overview and Level Annotations

Branches:
Dungeon (10/15)            Temple (0/1) D:6            Lair (3/6) D:10
 Spider (0/4) Lair:2       Bailey (visited)
  Swamp: Lair:2-4    Shoals: Lair:2-4       Orc: D:9-12

Altars:
Ashenzari
Dithmenos
Elyvilon
Gozag
Hepliaklqana
Kikubaaqudgha
Makhleb
Nemelex Xobeh
Okawaru
Sif Muna
Uskayaw
Vehumet
Wu Jian
Xom
Yredelemnul
Zin
The Shining One

Shops:
D:2 *   D:4 }

Annotations:
D:10 3 runed translucent doors, exclusion: orange crystal statue, gregwegmann's ghost, novice MiBe
Lair:2 2 transporters, sahdkjhfkaj's ghost, journeyman TrCK


Message History

* * * LOW HITPOINT WARNING * * *
The six-headed hydra bites you!
* * * LOW HITPOINT WARNING * * *
The six-headed hydra bites you but does no damage.
The six-headed hydra barely misses you.
The wall freezes the black mamba.
The black mamba bites the bush but does no damage.
The wall freezes the black mamba.
The black mamba bites the bush but does no damage.
The wall freezes the black mamba.
The black mamba seems to slow down.
The black mamba bites the bush but does no damage.
Your ice beast hits the six-headed hydra.
Your ice beast freezes the six-headed hydra!
The six-headed hydra seems to slow down.
The wall freezes the six-headed hydra!
The six-headed hydra bites you.
* * * LOW HITPOINT WARNING * * *
The six-headed hydra bites you!
* * * LOW HITPOINT WARNING * * *
The six-headed hydra bites you!
You die...

## #$<#
####
#...S#Y.#.#
PPD@†.#


PPPP.## ...P### #... ### You could see a six-headed hydra (slow), a black mamba
(slow) and a friendly ice beast (summoned).

Vanquished Creatures
  Erica (D:8)
  2 two-headed ogres
  Pikel (D:5)
  An oklob plant (Lair:1)
  2 orc sorcerers (D:9)
  2 cane toads
  7 komodo dragons
  2 trolls
  6 blink frogs
  Grinder (D:5)
  A wraith (D:10)
  A wyvern (D:10)
  A vampire (D:9)
  18 yaks
  4 basilisks
  2 nameless horrors
  Eustachio (D:5)
  A steam dragon (D:9)
  4 water moccasins
  4 sky beasts
  4 ice beasts
  2 black bears
  3 ogres
  10 orc warriors
  12 centaurs
  5 phantoms
  A lemure (D:5)
  2 big kobolds
  5 bullfrogs
  A scorpion (D:6)
  2 jellies
  A water moccasin skeleton (D:8)
  9 killer bees
  4 wights
  3 howler monkeys (D:10)
  A bullfrog zombie (D:9)
  2 quasits
  3 orc priests
  7 hounds
  Crazy Yiuf (D:4)
  2 bullfrog skeletons (D:8)
  4 iguanas
  3 orc wizards
  4 worker ants
  A hound zombie (D:7)
  A hound skeleton (D:9)
  A worker ant zombie (D:7)
  13 gnolls
  A howler monkey skeleton (D:10)
  12 adders
  3 shadow imps
  6 white imps
  An ufetubus (D:9)
  An ooze (D:5)
  2 adder zombies
  3 adder skeletons
  4 worms
  A dart slug (D:2)
  8 leopard geckos
  41 orcs
  2 ball pythons
  4 giant cockroaches
  13 goblins
  10 hobgoblins
  9 jackals (D:2)
  3 quokkas
  8 bats
  8 frilled lizards
  16 kobolds
  9 rats
334 creatures vanquished.

Vanquished Creatures (collateral kills)
  2 hydras
  2 cane toads (Lair:2)
  A komodo dragon (Lair:2)
  2 blink frogs (Lair:3)
  2 basilisks (Lair:2)
  A sky beast (D:8)
  An orc warrior (Bailey)
  2 ogres (D:7)
  A centaur (D:6)
  3 bullfrogs
  4 wights (D:7)
  A worker ant (D:8)
  2 gnolls (D:7)
  2 adders
  A shadow imp (D:10)
  A white imp (D:6)
  A leopard gecko (D:7)
  2 orcs
  A quokka (D:8)
32 creatures vanquished.

Vanquished Creatures (others)
  3 kobolds (D:8)
  11 fungi
  37 plants
51 creatures vanquished.

Grand Total: 417 creatures vanquished

Notes
Turn   | Place    | Note
-------+----------+-------------------------------------------
     0 | D:1      | dickylongcocking the Merfolk Ice Elementalist began the
                  | quest for the Orb.
     0 | D:1      | Reached XP level 1. HP: 13/13 MP: 3/3
   276 | D:1      | Reached XP level 2. HP: 16/19 MP: 0/5
   344 | D:1      | Reached skill level 5 in Ice Magic
   529 | D:1      | Reached skill level 1 in Polearms
   953 | D:1      | Reached XP level 3. HP: 19/24 MP: 3/6
   957 | D:1      | Learned a level 3 spell: Frozen Ramparts
  1683 | D:2      | Reached XP level 4. HP: 15/30 MP: 3/7
  1916 | D:2      | Found a radiant altar of Vehumet.
  1944 | D:2      | Became a worshipper of Vehumet
  2004 | D:2      | Found an opulent altar of Gozag.
  2059 | D:2      | Found a hide-covered altar of Uskayaw.
  2178 | D:2      | Found Zin's Purification Station.
  2183 | D:2      | Found a glowing silver altar of Zin.
  2782 | D:3      | Reached XP level 5. HP: 32/35 MP: 5/8
  2927 | D:3      | Found an iron altar of Okawaru.
  2936 | D:3      | Reached skill level 6 in Ice Magic
  2976 | D:3      | Reached * piety under Vehumet
  2976 | D:3      | Offered knowledge of Magic Dart by Vehumet.
  3342 | D:3      | Found a shimmering blue altar of Sif Muna.
  3365 | D:3      | Learned a level 4 spell: Hailstorm
  3511 | D:3      | Reached skill level 1 in Fighting
  4101 | D:4      | Reached XP level 6. HP: 43/43 MP: 5/9
  4258 | D:4      | Found a runed translucent door.
  4259 | D:4      | Noticed Crazy Yiuf
  5108 | D:4      | Found Efaetu's Gadget Shoppe.
  5368 | D:4      | Killed Crazy Yiuf
  5479 | D:5      | Entered Level 5 of the Dungeon
  5651 | D:5      | Noticed a sky beast
  5664 | D:5      | Killed a sky beast
  5665 | D:5      | Reached XP level 7. HP: 34/51 MP: 6/10
  5783 | D:5      | Noticed Grinder
  5798 | D:5      | Killed Grinder
  5799 | D:5      | Reached skill level 5 in Polearms
  5799 | D:5      | Reached skill level 5 in Dodging
  5799 | D:5      | Reached skill level 7 in Ice Magic
  5985 | D:5      | Reached ** piety under Vehumet
  5999 | D:5      | Offered knowledge of Searing Ray by Vehumet.
  6310 | D:5      | Reached XP level 8. HP: 60/60 MP: 8/11
  6341 | D:5      | Noticed Eustachio
  6356 | D:5      | Killed Eustachio
  6463 | D:5      | Noticed Pikel
  6475 | D:5      | Killed Pikel
  6858 | D:5      | Reached skill level 5 in Fighting
  6858 | D:5      | Reached skill level 8 in Ice Magic
  6908 | D:5      | Found an ancient bone altar of Kikubaaqudgha.
  7074 | D:5      | Learned a level 4 spell: Summon Ice Beast
  7172 | D:6      | Reached XP level 9. HP: 44/68 MP: 11/14
  7696 | D:6      | Found a staircase to the Ecumenical Temple.
  9383 | D:7      | Noticed a nameless horror
  9390 | D:7      | Killed a nameless horror
  9723 | D:7      | Offered knowledge of Ignite Poison by Vehumet.
  9730 | D:7      | Learned a level 3 spell: Ignite Poison
 10316 | D:7      | Reached skill level 1 in Transmutations
 10572 | D:7      | Found an ornate altar of the Wu Jian Council.
 10585 | D:7      | Found a basalt altar of Yredelemnul.
 10589 | D:7      | Found an opulent altar of Gozag.
 10590 | D:7      | Found a hazy altar of Hepliaklqana.
 10590 | D:7      | Found a sparkling altar of Nemelex Xobeh.
 10590 | D:7      | Found a white marble altar of Elyvilon.
 10590 | D:7      | Found a shadowy altar of Dithmenos.
 10591 | D:7      | Found a shimmering altar of Xom.
 10596 | D:7      | Found a broken altar of Ashenzari.
 10628 | D:8      | Noticed Erica
 10636 | D:7      | Reached skill level 9 in Ice Magic
 10829 | D:7      | Learned a level 3 spell: Mephitic Cloud
 11815 | D:8      | Reached skill level 5 in Spellcasting
 11874 | D:8      | Killed Erica
 11875 | D:8      | Reached XP level 10. HP: 77/77 MP: 11/17
 11926 | D:8      | Identified the cursed +1 mace "Beast's Funeral" {flame,
                  | rPois rC+ Stlth+}
 11927 | D:8      | Reached *** piety under Vehumet
 12027 | D:8      | Found a shimmering altar of Xom.
 12027 | D:8      | Found a shimmering altar of Xom.
 12028 | D:8      | Found a shimmering altar of Xom.
 12028 | D:8      | Found a shimmering altar of Xom.
 12028 | D:8      | Found a shimmering altar of Xom.
 12060 | D:8      | Noticed a two-headed ogre
 12066 | D:8      | Killed a two-headed ogre
 12462 | D:8      | Offered knowledge of Sticky Flame by Vehumet.
 13608 | D:9      | Noticed an orc sorcerer
 13609 | D:9      | Noticed an orc sorcerer
 13616 | D:9      | Noticed a sun demon
 13617 | D:9      | Killed an orc sorcerer
 13618 | D:9      | Reached skill level 10 in Dodging
 13618 | D:9      | Reached skill level 10 in Ice Magic
 13622 | D:9      | Noticed a sun demon
 13622 | D:9      | Killed an orc sorcerer
 13623 | D:9      | Reached XP level 11. HP: 77/86 MP: 14/20
 13682 | D:9      | Reached **** piety under Vehumet
 13909 | D:9      | Offered knowledge of Airstrike by Vehumet.
 14352 | D:9      | Learned a level 6 spell: Freezing Cloud
 14877 | D:9      | Found a glowing golden altar of the Shining One.
 14877 | D:9      | Found a burning altar of Makhleb.
 14961 | D:9      | Noticed a two-headed ogre
 14977 | D:9      | Killed a two-headed ogre
 14978 | D:9      | Reached skill level 1 in Conjurations
 14978 | D:9      | Reached skill level 1 in Air Magic
 15061 | D:10     | Entered Level 10 of the Dungeon
 15173 | D:10     | Found a flagged portal.
 15207 | Bailey   | Entered a bailey
 15733 | Bailey   | Reached ***** piety under Vehumet
 15753 | Bailey   | Offered knowledge of Conjure Ball Lightning by Vehumet.
 16489 | Bailey   | Identified a scroll of acquirement
 16489 | Bailey   | Acquired the amulet of the Twisting Jester {Reflect Str+4
                  | SH+5 Stlth+}
 16736 | D:10     | Noticed gregwegmann's ghost (novice MiBe)
 16764 | D:10     | Found a runed translucent gate.
 16764 | D:10     | Found a runed translucent gate.
 16764 | D:10     | Found a runed translucent gate.
 17126 | D:10     | Noticed an orange crystal statue
 17202 | D:10     | Noticed a red ugly thing
 17332 | D:10     | Reached skill level 11 in Ice Magic
 17759 | D:10     | Reached skill level 1 in Evocations
 18180 | D:10     | Found a staircase to the Lair.
 18400 | Lair:1   | Entered Level 1 of the Lair of Beasts
 18476 | Lair:1   | Reached XP level 12. HP: 94/94 MP: 19/23
 19660 | Lair:1   | Offered knowledge of Bolt of Magma by Vehumet.
 19803 | Lair:1   | Noticed a five-headed hydra
 20111 | Lair:1   | Killed a five-headed hydra
 21376 | Lair:2   | Found a transporter.
 21382 | Lair:2   | Found a transporter.
 21516 | Lair:2   | Found a hole to the Spider Nest.
 21660 | Lair:2   | Noticed sahdkjhfkaj's ghost (journeyman TrCK)
 21660 | Lair:2   | Identified the cursed +0 spear of Nasiro {antimagic, +Blink
                  | rN+ MP+9}
 21672 | Lair:2   | Identified the +8 trident "Owihymuec" {antimagic, rF+
                  | Dex+4}
 21672 | Lair:2   | Found the ring of the Octopus King {AC+1 EV+1 Str+1 Int+1
                  | Dex+1 Stlth+}
 21698 | Lair:2   | Identified the cursed ring of the Dropbear {rC+ Will+ Str+3
                  | Dex-4 SInv}
 22795 | Lair:3   | Noticed an eight-headed hydra
 22805 | Lair:3   | Killed an eight-headed hydra
 22806 | Lair:3   | Reached skill level 12 in Ice Magic
 22904 | Lair:3   | You fall into a shaft and drop 3 floors!
 22904 | Lair:6   | Entered Level 6 of the Lair of Beasts
 22904 | Lair:6   | Noticed a six-headed hydra
 22914 | Lair:6   | Slain by a six-headed hydra

Illustrated notes

Levels and vault maps discovered:
D:1:      heliophobic_arrival_henge, layout_loops_ring, minmay_tetromino_o4
D:2:      layout_loops_ring, zin_purify, general_overflow_altar,
          old_standard_altar, st_stairs_6, dk_vineyard_2,
          nicolae_gozag_seed_capital
D:3:      layout_rooms, tgw_sif, okawaru_altar_gauntlet_db
D:4:      layout_gridville, serial_shops, nicolae_shop_statue_plus,
          corexii_checkpoint_a, due_unseen_surprise, uniq_crazy_yiuf_cottage
D:5:      kennysheep_six_static_rooms, layout_rooms, marbit_many_paths,
          grunt_decor_cap, saegor_snake_ambush, uniq_pikel, uniq_eustachio,
          uniq_grinder
D:6:      layout_gridville, minmay_temple_entry_slanted
D:7:      layout_loops_ring, minitemple
D:8:      cheibrodos_fzero, layout_cave_pools, xom_shifter_show, uniq_erica
D:9:      cheibrodos_wizards_tower, layout_basic,
          gammafunk_temple_overflow_elements, serial_curves, eino_curves_01,
          eino_curves_04, eino_curves_04
D:10:     minmay_spotlight, layout_loops_ring, david_lair_shrubbed,
          enter_bailey_5, gammafunk_ghost_icy, minmay_protected_statue
Lair:1:   layout_layer_cave, minmay_lair_oklob_chamber, lemuel_fruit_tree
Lair:2:   layout_layer_cave, dummy_spider_entry,
          gammafunk_ghost_wrathful_warriors, infiniplex_staircase_pool_2
Lair:3:   layout_cave_pods
Lair:6:   cheibrodos_lair_end_hotspot, layout_loops_ring,
          infiniplex_staircase_pool, uniq_urug

Skill      XL: |  1  2  3  4  5  6  7  8  9 10 11 12 |
---------------+-------------------------------------+-----
Ice Magic      | 5 6 7 8 9 10 11 12 | 12.0
Polearms       | 1 2 3 4 5 6 7 8 |  8.7
Dodging        | 3 4 6 7 9 10 | 10.5
Fighting       | 1 2 3 5 6 8 |  8.3
Spellcasting   | 3 5 6 7 8 |  8.6
Transmutations | 3 4 |  4.6
Conjurations   | 3 4 |  4.9
Air Magic      | 3 4 |  4.8
Evocations     | 1 |  1.2
Stealth        | |  2.5

Action                   |  1- 3 |  4- 6 |  7- 9 | 10-12 || total
-------------------------+-------+-------+-------+-------++-------
Melee: Unarmed           |     2 |       |       |       ||     2
       Spear             |    39 |   113 |       |       ||   152
       Tailslap          |       |     2 |     1 |     5 ||     8
       Halberd           |       |    14 |   273 |    61 ||   348
       Trident           |       |       |       |   481 ||   481
       Staff             |       |       |       |     8 ||     8
 Cast: Freeze            |    33 |    34 |     2 |       ||    69
       Frozen Ramparts   |     7 |    16 |    22 |    55 ||   100
       Hailstorm         |       |     4 |     5 |    65 ||    74
       Summon Ice Beast  |       |       |    26 |    40 ||    66
       Mephitic Cloud    |       |       |     1 |     8 ||     9
       Ignite Poison     |       |       |     1 |     3 ||     4
       Freezing Cloud    |       |       |       |     2 ||     2
Evoke: Wand              |       |       |     7 |     7 ||    14
  Use: Potion            |       |     2 |     4 |     2 ||     8
       Scroll            |       |       |    13 |     5 ||    18
 Stab: Sleeping          |     2 |     2 |     5 |     2 ||    11
       Distracted        |       |     1 |     1 |       ||     2
Armor: Robe              |    13 |    10 |    63 |    50 ||   136
       Skin              |       |       |     2 |     4 ||     6
       Troll leather arm |       |       |       |    19 ||    19
Dodge: Dodged            |    54 |    92 |   270 |   515 ||   931
Block: Other             |       |       |       |    48 ||    48

Table legend: (Time is in decaauts)
 A = Elapsed time spent in this place.
 B = Non-inter-level travel time spent in this place.
 C = Inter-level travel time spent in this place.
 D = Time resting spent in this place.
 E = Time spent auto-exploring this place.
 F = Levels seen in this place.
 G = Mean time per level.
                   A        B        C        D        E       F      G
               +--------+--------+--------+--------+--------+-----+--------+
         Total |  22856 |  22200 |    656 |   3773 |  15203 |  15 | 1523.7 |
       Dungeon |  17091 |  16496 |    595 |   2526 |  11540 |  10 | 1709.1 |
          Lair |   4295 |   4234 |     61 |    762 |   3006 |   4 | 1073.8 |
        Bailey |   1469 |   1469 |      0 |    485 |    656 |   1 | 1469.0 |
               +--------+--------+--------+--------+--------+-----+--------+

Top non-repeatable levels by time:
     D:7: 3203 daAuts
     D:9: 2319 daAuts
  Lair:1: 2300 daAuts
     D:4: 1909 daAuts
    D:10: 1725 daAuts
     D:5: 1578 daAuts
     D:6: 1523 daAuts
  Bailey: 1469 daAuts
     D:2: 1382 daAuts
     D:1: 1277 daAuts
     D:8: 1178 daAuts
  Lair:2: 1159 daAuts
     D:3: 994 daAuts
  Lair:3: 825 daAuts
  Lair:6: 10 daAuts
